 Dungeon Crawl Stone Soup version 0.25.0-11-g1f837a7 (webtiles) character file.

Game seed: 570556405774748492

50560 Golfball the Grappler (level 14, 0/143 HPs)
             Began as a Troll Monk on June 24, 2020.
             Was the Champion of Okawaru.
             Slain by an ettin
             ... wielding a +0 dire flail
              (31 damage)
             ... on level 2 of the Orcish Mines.
             The game lasted 01:03:40 (17919 turns).

Golfball the Grappler (Troll Monk)                 Turns: 17919, Time: 01:03:41

Health: 0/143      AC: 18    Str: 33    XL:     14   Next: 20%
Magic:  15/17      EV: 16    Int:  8    God:    Okawaru [******]
Gold:   1155       SH: 21    Dex: 18    Spells: 13/13 levels left

rFire    . . .     SeeInvis .   s - +4 flail "Gegoapse" {drain, +Fly Str+5}
rCold    . . .     Gourm    +   G - +1 tower shield {reflect}
rNeg     . . .     Faith    .   C - +4 troll leather armour
rPois    .         Spirit   .   F - +2 hat
rElec    .         Reflect  +   P - +1 cloak
rCorr    .         Harm     .   (gloves unavailable)
MR       +....                  (boots unavailable)
Stlth    +++.......             (no amulet)
HPRegen  1.13/turn              q - ring "Nenesioth" {Dex+4 Slay+4}
MPRegen  0.15/turn              j - +6 ring of strength

@: about to teleport, heroism, lightly drained
A: large, unfitting armour, claws 3, fast metabolism 3, gourmand, regeneration
1, shaggy fur 1, tough skin 3
a: Heroism, Finesse, Renounce Religion, Evoke Flight


You were on level 2 of the Orcish Mines.
You worshipped Okawaru.
Okawaru was exalted by your worship.
You were very full.

You visited 3 branches of the dungeon, and saw 19 of its levels.

You collected 1428 gold pieces.
You spent 273 gold pieces at shops.

Inventory:

Hand Weapons
 s - the +4 flail "Gegoapse" (weapon) {drain, +Fly Str+5}
   (You found it on level 5 of the Lair of Beasts)

   A truly terrible weapon, it drains the life of those it strikes.
   It affects your strength (+5).
   It lets you fly.
 t - a +6 giant spiked club of flaming
 B - the +7 war axe of Tivosi {pain, Dex+5}
   (You found it on level 3 of the Lair of Beasts)

   In the hands of one skilled in necromantic magic, it inflicts extra damage on
   living creatures.
   It affects your dexterity (+5).
Missiles
 f - 26 boomerangs (quivered)
 p - 3 large rocks
 r - 2 javelins
 K - 3 silver javelins
Armour
 C - a +4 troll leather armour (worn)
 D - a +0 kite shield
 F - a +2 hat (worn)
 G - a +1 tower shield of reflection (worn)
 N - the -4 cloak "Noc Joho" {rF++ rC+ Int-4 Slay+3}
   (Okawaru gifted it to you on level 3 of the Lair of Beasts)

   It affects your intelligence (-4).
   It affects your accuracy and damage with ranged weapons and melee attacks
   (+3).
   It greatly protects you from fire.
   It protects you from cold.
 P - a +1 cloak (worn)
 T - +0 ice dragon scales
Jewellery
 j - a +6 ring of strength (right claw)
 q - the ring "Nenesioth" (left claw) {Dex+4 Slay+4}
   (You found it on level 6 of the Lair of Beasts)

   [ring of slaying]

   It affects your dexterity (+4).
   It affects your accuracy and damage with ranged weapons and melee attacks
   (+4).
 A - a +6 ring of dexterity
 I - an uncursed ring of resist corrosion
Wands
 c - a wand of flame (28)
 n - a wand of acid (27)
 v - a wand of polymorph (9)
 y - a wand of random effects (54)
 H - a wand of digging (8)
 L - a wand of iceblast (8)
 M - a wand of disintegration (33)
 R - a wand of paralysis (10)
Scrolls
 d - 5 scrolls of magic mapping
 h - 6 scrolls of remove curse
 l - a scroll of identify
 m - 10 scrolls of teleportation
 o - 6 scrolls of fog
 O - 3 scrolls of blinking
Potions
 a - a potion of resistance
 e - 4 potions of curing
 g - 4 potions of cancellation
 k - a potion of mutation
 u - 2 potions of flight
 w - a potion of haste
 x - 5 potions of lignification
 z - 4 potions of stabbing
 Q - 2 potions of ambrosia
 S - a potion of magic {unknown}
Miscellaneous
 E - a phantom mirror
 J - a lightning rod (4/4)
Comestibles
 b - 40 rations
 i - 16 chunks of flesh


   Skills:
 - Level 10.0(14.9) Fighting
 + Level 9.9(14.9) Maces & Flails
 - Level 6.0(10.9) Throwing
 - Level 6.0(10.9) Armour
 - Level 6.0(10.9) Dodging
 - Level 1.0(6.0) Stealth
 + Level 4.6(9.5) Shields
 - Level 12.0(17.0) Unarmed Combat
 - Level 6.0(5.9) Invocations
 - Level 5.0(4.9) Evocations


You had 13 spell levels left.
You didn't know any spells.
Your spell library contained the following spells:

 Spells                   Type           Power        Failure   Level  Hunger
 Corona                   Hex            #......      83%         1    ##.....
 Infusion                 Chrm           #...         83%         1    ##.....
 Ensorcelled Hibernation  Hex/Ice        #.....       92%         2    ###....
 Shroud of Golubria       Chrm/Tloc      #.....       92%         2    ###....
 Song of Slaying          Chrm           #.......     92%         2    ###....
 Confusing Touch          Hex            #.......     99%         3    ####...
 Dazzling Flash           Conj/Hex       #.....       99%         3    ####...
 Ozocubu's Armour         Chrm/Ice       #.......     99%         3    ####...
 Spectral Weapon          Hex/Chrm       #.......     99%         3    ####...
 Tukima's Dance           Hex            #.......     99%         3    ####...
 Hailstorm                Conj/Ice       #.......     100%        4    #####..
 Iron Shot                Conj/Erth      #.........   100%        6    #######


Dungeon Overview and Level Annotations

Branches:
Dungeon (11/15)            Temple (0/1) D:4            Lair (6/6) D:10
  Swamp (0/4) Lair:4        Snake (0/4) Lair:4        Slime (0/5) Lair:5
    Orc (2/2) D:10
    Elf: Orc:2

Altars:
Ashenzari
Cheibriados
Elyvilon
Fedhas
Gozag
Hepliaklqana
Nemelex Xobeh
Okawaru
Ru
Trog
Uskayaw
Vehumet
Xom
Zin
Jiyva

Shops:
D:6 *   Orc:1 ?

Portals:
Abyss: Lair:6

Annotations:
Lair:6 2 transporters, Epeohyt's ghost, journeyman DDFi
Orc:2 Sonja


Innate Abilities, Weirdness & Mutations

You are too large for most types of armour.
You have claws for hands.
Your metabolism is lightning-fast.
You like to eat raw meat.
Your natural rate of healing is unusually fast.
You are covered in fur. (AC +1)
You have extremely tough skin. (AC +3)


Message History

Sonja shouts!
There is a stone staircase leading up here.
You gain the combat prowess of a mighty hero.
You block the ettin's attack.
The ettin hits you with a +0 dire flail!!!
* * * LOW HITPOINT WARNING * * *
You block the orc warrior's attack. The orc hits you but does no damage. x2
You thump the ettin! You drain the ettin.
The ettin is moderately wounded.
You block the ogre's attack. The ettin misses you.
The ettin hits you with a +0 dire flail.
* * * LOW HITPOINT WARNING * * *
The orc warrior hits you with a +0 hand axe!
* * * LOW HITPOINT WARNING * * *
As you read the scroll of teleportation, it crumbles to dust.
You feel strangely unstable.
Sonja shouts, "Hah!
Missed me again!"
You block the orc's attack. x2; The ettin closely misses you.
The ettin hits you with a +0 dire flail!!
You die...

#............#
.........###............#
..........#.............#
.........##.............
.......................
#...............#.....
#............#####....
#..CoK....#.# #....
#..)@o....### ##...
###oO.....# #<.#
#.....### #### ##.....#
#######


You could see an ettin (drained), Sonja, an orc warrior (strong), an ogre and 2
orcs.

Vanquished Creatures
  A dire elephant (Lair:2)
  Josephine (Lair:4)
  4 hydras
  An ice dragon (Lair:6)
  A two-headed ogre (D:8)
  A catoblepas (Lair:6)
  A deep troll shaman (Lair:6)
  4 death yaks (Lair:6)
  A lindwurm (Lair:6)
  An orc knight (Orc:1)
  A cyclops (D:11)
  5 oklob plants
  A manticore (Lair:3)
  23 elephants
  5 black mambas
  4 torpor snails (Lair:1)
  4 spiny frogs
  2 centaur skeletons
  5 rime drakes
  9 komodo dragons
  4 trolls
  4 blink frogs
  A queen bee (Lair:3)
  8 hippogriffs
  2 dream sheep (Lair:6)
  2 spriggans
  A shadow (D:8)
  5 wraiths (Lair:4)
  Sigmund (D:4)
  20 yaks
  2 wyverns (Lair:3)
  5 basilisks (Lair:3)
  2 steam dragons (Lair:3)
  4 nagas (Lair:4)
  A warg (Orc:1)
  16 water moccasins
  6 porcupines
  2 black bears (Lair:6)
  2 ice beasts
  A phantom (D:4)
  4 sky beasts
  7 orc warriors
  An eye of draining (D:10)
  9 ogres
  3 centaurs
  7 wolves (Lair:6)
  28 crocodiles
  2 big kobolds
  10 bullfrogs
  2 scorpions
  38 killer bees
  2 howler monkeys (D:8)
  3 wights (D:8)
  2 electric eels
  2 crimson imps
  5 hounds
  A quasit (D:11)
  A centaur zombie (D:8)
  3 jellies
  5 orc priests
  A bullfrog zombie (D:6)
  11 orc wizards
  2 bullfrog skeletons
  9 iguanas
  5 worker ants
  A hound zombie (D:6)
  3 hound skeletons
  A howler monkey zombie (D:11)
  19 adders
  3 shadow imps
  14 white imps
  An ooze (D:2)
  An adder zombie (D:8)
  An adder skeleton (D:3)
  2 worms (D:2)
  4 dart slugs
  16 leopard geckos
  31 orcs
  4 ball pythons
  8 bats
  9 giant cockroaches
  10 goblins
  5 hobgoblins
  16 jackals
  19 kobolds
  7 quokkas
  12 frilled lizards
  A giant cockroach zombie (D:6)
  A leopard gecko skeleton (D:4)
  A leopard gecko zombie (D:8)
  A quokka skeleton (D:4)
  8 rats
  A fungus (Lair:6)
527 creatures vanquished.

Vanquished Creatures (others)
  An orc (D:11)
  A bush (Lair:5)
  56 fungi
  15 plants
73 creatures vanquished.

Grand Total: 600 creatures vanquished

Notes
Turn   | Place    | Note
-------+----------+-------------------------------------------
     0 | D:1      | Golfball the Troll Monk began the quest for the Orb.
     0 | D:1      | Reached XP level 1. HP: 22/22 MP: 0/0
   106 | D:1      | Reached XP level 2. HP: 22/29 MP: 1/1
   435 | D:1      | Reached XP level 3. HP: 30/37 MP: 2/2
   923 | D:2      | Reached skill level 4 in Unarmed Combat
  1006 | D:2      | Reached XP level 4. HP: 45/45 MP: 3/3
  1756 | D:2      | Found a hide-covered altar of Uskayaw.
  1939 | D:3      | Found a shattered altar of Ashenzari.
  1943 | D:3      | Saw a vision of the Swamp and the Snake Pit.
  1943 | D:3      | Noticed a naga mage
  1943 | D:3      | Noticed a naga
  1943 | D:3      | Noticed an anaconda
  1943 | D:3      | Noticed a naga
  1943 | D:3      | Noticed a black mamba
  1943 | D:3      | Noticed an anaconda
  1943 | D:3      | Noticed a naga mage
  1943 | D:3      | Noticed a naga warrior
  1943 | D:3      | Noticed a salamander
  1943 | D:3      | Noticed a naga ritualist
  1943 | D:3      | Noticed a naga mage
  1943 | D:3      | Noticed a black mamba
  1943 | D:3      | Noticed a black mamba
  1943 | D:3      | Noticed an alligator
  1943 | D:3      | Noticed a swamp drake
  1943 | D:3      | Noticed an alligator
  1943 | D:3      | Noticed a swamp drake
  1943 | D:3      | Noticed a swamp drake
  1943 | D:3      | Noticed a swamp drake
  1943 | D:3      | Noticed an alligator
  1943 | D:3      | Noticed a naga
  1943 | D:3      | Noticed a naga sharpshooter
  1944 | D:3      | Noticed an alligator
  2221 | D:3      | Reached XP level 5. HP: 54/54 MP: 4/4
  2275 | D:3      | Found an iron altar of Okawaru.
  2279 | D:3      | Became a worshipper of Warmaster Okawaru
  2279 | D:3      | Reached * piety under Okawaru
  2279 | D:3      | Reached ** piety under Okawaru
  2499 | D:4      | Noticed Sigmund
  2511 | D:4      | Killed Sigmund
  2511 | D:4      | Reached skill level 5 in Unarmed Combat
  2511 | D:4      | Reached XP level 6. HP: 20/63 MP: 5/5
  2641 | D:4      | Found a hide-covered altar of Uskayaw.
  2641 | D:4      | Found a shattered altar of Ashenzari.
  2647 | D:4      | Found a white marble altar of Elyvilon.
  2647 | D:4      | Found a sparkling altar of Nemelex Xobeh.
  2647 | D:4      | Found a sacrificial altar of Ru.
  2801 | D:4      | Reached *** piety under Okawaru
  2801 | D:4      | Reached skill level 5 in Fighting
  2801 | D:4      | Reached skill level 6 in Unarmed Combat
  2801 | D:4      | Reached XP level 7. HP: 71/72 MP: 6/6
  3304 | D:4      | Found a staircase to the Ecumenical Temple.
  3338 | D:4      | Found a hazy altar of Hepliaklqana.
  3341 | D:4      | Found a snail-covered altar of Cheibriados.
  3402 | D:4      | Found a blossoming altar of Fedhas.
  3405 | D:4      | Found a shimmering altar of Xom.
  3697 | D:5      | Entered Level 5 of the Dungeon
  3710 | D:5      | Found a glowing silver altar of Zin.
  3946 | D:5      | Reached skill level 7 in Unarmed Combat
  4209 | D:5      | Reached XP level 8. HP: 83/83 MP: 7/7
  4537 | D:6      | Reached skill level 1 in Maces & Flails
  4537 | D:6      | Reached skill level 1 in Invocations
  4884 | D:6      | Reached **** piety under Okawaru
  4982 | D:6      | Found a glowing silver altar of Zin.
  5042 | D:6      | Found an opulent altar of Gozag.
  5045 | D:6      | Found Gozag's Platinum Reserve.
  5066 | D:6      | Noticed a troll
  5076 | D:6      | Killed a troll
  5697 | D:7      | Noticed a troll
  5706 | D:7      | Killed a troll
  5706 | D:7      | Reached XP level 9. HP: 75/89 MP: 8/11
  5793 | D:7      | Reached skill level 5 in Maces & Flails
  5793 | D:7      | Reached skill level 5 in Invocations
  5939 | D:7      | Reached ***** piety under Okawaru
  6616 | D:8      | Reached skill level 8 in Unarmed Combat
  6711 | D:8      | Found a radiant altar of Vehumet.
  6769 | D:8      | Noticed a two-headed ogre
  7113 | D:8      | Reached XP level 10. HP: 92/102 MP: 13/13
  7349 | D:8      | Killed a two-headed ogre
  7349 | D:8      | Received a gift from Okawaru
  7483 | D:8      | Reached skill level 9 in Unarmed Combat
  7906 | D:9      | Found a bloodstained altar of Trog.
  8144 | D:10     | Entered Level 10 of the Dungeon
  8231 | D:9      | Reached skill level 10 in Unarmed Combat
  8404 | D:10     | Upgraded the game from 0.25.0-10-g039870e to
                  | 0.25.0-11-g1f837a7
  8724 | D:10     | Found a staircase to the Lair.
  8736 | D:10     | Found a staircase to the Orcish Mines.
  8927 | D:10     | Reached skill level 1 in Throwing
  8927 | D:10     | Reached XP level 11. HP: 109/113 MP: 14/14
  9372 | D:11     | Identified the Disquisition on the Snowflakes and Stones
  9832 | Lair:1   | Entered Level 1 of the Lair of Beasts
 10030 | Lair:1   | Reached ****** piety under Okawaru
 10034 | Lair:1   | Found a snail-covered altar of Cheibriados.
 10056 | Lair:1   | Received a gift from Okawaru
 10246 | Lair:1   | Reached skill level 11 in Unarmed Combat
 10298 | Lair:1   | Reached skill level 1 in Evocations
 10966 | Lair:2   | Reached skill level 10 in Fighting
 11019 | Lair:2   | Received a gift from Okawaru
 11162 | Lair:2   | Identified a scroll of acquirement
 11296 | Lair:2   | Noticed a dire elephant
 11307 | Lair:2   | Killed a dire elephant
 11307 | Lair:2   | Reached XP level 12. HP: 55/126 MP: 12/15
 11490 | Lair:2   | Received a gift from Okawaru
 11496 | Lair:2   | Reached skill level 5 in Throwing
 11620 | Lair:2   | Reached skill level 5 in Evocations
 12070 | Lair:2   | Reached skill level 1 in Armour
 12624 | Lair:3   | Reached skill level 5 in Dodging
 12988 | Lair:3   | Received a gift from Okawaru
 12999 | Lair:3   | Got a bloodstained cloak {god gift}
 13005 | Lair:3   | Identified the -4 cloak "Noc Joho" {rF++ rC+ Int-4 Slay+3}
                  | (Okawaru gifted it to you on level 3 of the Lair of Beasts)
 13146 | Lair:3   | Reached skill level 5 in Armour
 13365 | Lair:3   | Reached XP level 13. HP: 127/133 MP: 16/16
 13697 | Lair:4   | Found a staircase to the Swamp.
 13859 | Lair:4   | Found a staircase to the Snake Pit.
 14167 | Lair:4   | Noticed Josephine
 14230 | Lair:4   | Killed Josephine
 15116 | Lair:3   | Identified the +7 war axe of Tivosi {pain, Dex+5} (You
                  | found it on level 3 of the Lair of Beasts)
 15311 | Lair:5   | Identified the +4 flail "Gegoapse" {drain, +Fly Str+5} (You
                  | found it on level 5 of the Lair of Beasts)
 15460 | Lair:5   | Received a gift from Okawaru
 15488 | Lair:5   | Reached skill level 12 in Unarmed Combat
 15801 | Lair:5   | Found a viscous altar of Jiyva.
 15801 | Lair:5   | Found a staircase to the Slime Pits.
 16110 | Lair:6   | Entered Level 6 of the Lair of Beasts
 16130 | Lair:6   | Reached skill level 1 in Shields
 16168 | Lair:6   | Found a one-way gate to the infinite horrors of the Abyss.
 16168 | Lair:6   | Noticed Epeohyt's ghost (journeyman DDFi)
 16178 | Lair:6   | Identified the cursed +1 trident of Resourcefulness
                  | {distort, MR++}
 16692 | Lair:6   | Got a crude ivory ring
 16694 | Lair:6   | Identified the ring "Nenesioth" {Dex+4 Slay+4} (You found
                  | it on level 6 of the Lair of Beasts)
 16843 | Lair:6   | Reached XP level 14. HP: 119/143 MP: 17/17
 16878 | Lair:6   | Received a gift from Okawaru
 16997 | Lair:6   | Received a gift from Okawaru
 17059 | Lair:6   | Found a transporter.
 17061 | Lair:6   | Found a transporter.
 17552 | Orc:1    | Entered Level 1 of the Orcish Mines
 17701 | Orc:2    | Entered Level 2 of the Orcish Mines
 17816 | Orc:1    | Received a gift from Okawaru
 17882 | Orc:1    | Found Sume's Magic Scroll Shoppe.
 17890 | Orc:1    | Bought a scroll of blinking for 105 gold pieces
 17890 | Orc:1    | Bought a scroll of teleportation for 42 gold pieces
 17890 | Orc:1    | Bought a scroll of teleportation for 42 gold pieces
 17890 | Orc:1    | Bought a scroll of teleportation for 42 gold pieces
 17890 | Orc:1    | Bought a scroll of teleportation for 42 gold pieces
 17902 | Orc:1    | Noticed an orc warlord
 17916 | Orc:2    | Noticed Sonja
 17919 | Orc:2    | Slain by an ettin

Illustrated notes

Levels and vault maps discovered:
D:1:      psy_arrival_radial01, layout_basic, chequers_serial_rivers_room_a,
          minmay_tromino_v4_a
D:2:      lemuel_upstairs_altar, layout_basic
D:3:      layout_basic, marbit_many_paths, first_ration,
          minmay_misc_feat_hallway, grunt_ashenzari_visionary
          [grunt_ashenzari_visionary_swamp, grunt_ashenzari_visionary_snake]
D:4:      layout_basic, grunt_temple_overflow_cloverleaf,
          grunt_temple_overflow_open, minmay_temple_entry_enclosed_plants,
          uniq_sigmund
D:5:      layout_gridville, lemuel_crystal_altar, minmay_misc_feat_encased
D:6:      layout_basic, nicolae_gozag_zags_fifth_avenue, basic_altar,
          minivault_11
D:7:      layout_loops_corners, the_bakery
D:8:      layout_gridville, lemuel_doored_altar
D:9:      layout_cave_pools, bloody_trog
D:10:     layout_layer_cave, lair_entry_dummy, orc_0_dummy,
          minmay_misc_feat_doors, minmay_misc_feat_four_crosses,
          chequers_serial_rivers_micro_d
D:11:     layout_basic
Lair:1:   layout_small_grid, kennysheep_snail_temple, serial_bayou_shore_a,
          infiniplex_staircase_pool
Lair:2:   mu_elephants_graveyard, layout_regular_city
Lair:3:   hangedman_what_comes_after_a, layout_cave_pods,
          portal_ice_cave_entry_imps, grunt_megastairs_5
Lair:4:   lemuel_reptile_caves, layout_gridlike, swamp_mist_pool,
          minmay_snake_entry_guardpost_small, uniq_josephine
Lair:5:   layout_regular_city, dpeg_slime_entry_enclosed_altar, wad_woods_06,
          infiniplex_staircase_pool_2
Lair:6:   grunt_lair_end_beastmaster, layout_long_grid,
          gammafunk_ghost_abyssal_escape, bobbens_ice_dragon_lair,
          lemuel_fruit_fields, serial_bayou_shore_b
Orc:1:    layout_caves, gammafunk_ghost_cemetery, serial_shops,
          nicolae_shop_trees
Orc:2:    st_orc_pillars, layout_diamond_mine, gammafunk_ghost_fury_of_okawaru,
          uniq_sonja

Skill      XL: |  1  2  3  4  5  6  7  8  9 10 11 12 13 14 |
---------------+-------------------------------------------+-----
Fighting       | 3 4 5 6 7 8 10 | 10.0
Unarmed Combat | 4 5 6 7 8 10 11 12 | 12.0
Maces & Flails | 4 6 9 |  9.9
Invocations    | 4 6 |  6.0
Throwing       | 1 4 6 |  6.0
Evocations     | 4 5 |  5.0
Armour         | 5 6 |  6.0
Dodging        | 5 6 |  6.0
Shields        | 3 4 |  4.6
Stealth        | |  1.0

Action                   |  1- 3 |  4- 6 |  7- 9 | 10-12 | 13-15 || total
-------------------------+-------+-------+-------+-------+-------++-------
Melee: Unarmed           |   119 |   108 |   317 |   650 |   224 ||  1418
       Punch             |     2 |     1 |    22 |    48 |    18 ||    91
       Mace              |       |    21 |       |       |       ||    21
       Flail             |       |       |       |       |   252 ||   252
       Giant spiked club |       |       |       |       |    25 ||    25
Throw: Boomerang         |     2 |     1 |     3 |    15 |       ||    21
Invok: Heroism           |       |     1 |     5 |    11 |    14 ||    31
       Finesse           |       |       |       |       |     1 ||     1
Evoke: Wand              |       |       |       |       |     2 ||     2
  Use: Scroll            |       |       |    19 |    16 |     9 ||    44
       Potion            |       |       |       |       |     3 ||     3
 Stab: Sleeping          |     1 |     4 |     6 |     3 |     1 ||    15
       Distracted        |       |       |       |     1 |       ||     1
  Eat: Chunk             |    15 |    16 |    40 |    57 |    42 ||   170
Armor: Robe              |    61 |    32 |    50 |       |       ||   143
       Troll leather arm |       |       |    43 |   293 |   147 ||   483
Dodge: Dodged            |    66 |    63 |   128 |   415 |   246 ||   918
Block: Tower shield      |       |       |       |       |   247 ||   247
       Reflection        |       |       |       |       |     2 ||     2
